 Dungeon Crawl Stone Soup version 0.30-a0-222-ge547ba4400 (webtiles) character file.

Game seed: 9932863152019852425

235 Monkooky the Conjurer (level 5, 0/31 (42) HPs)
             Began as a Demigod Reaver on Oct 8, 2022.
             Slain by an iguana (5 damage)
             ... on level 5 of the Dungeon.
             The game lasted 00:06:27 (3343 turns).

Monkooky the Conjurer (Demigod Reaver)              Turns: 3343, Time: 00:06:28

HP:   0/31 (42)     AC:  8    Str: 13    XL:     5   Next: 47%
MP:   8/10          EV: 12    Int: 15    God:
Gold: 196           SH:  0    Dex: 16    Spells: 4/7 levels left

rFire   . . .      SeeInvis .    d - +0 quarterstaff
rCold   + . .      Faith    .    (shield currently unavailable)
rNeg    . . .      Spirit   .    r - +2 robe {rC+}
rPois   .          Reflect  .    (no helmet)
rElec   .          Harm     .    (no cloak)
rCorr   +          Rampage  .    (no gloves)
Will    .....                    (no boots)
Stlth   +.........               (no amulet)
HPRegen 0.25/turn                v - +4 ring of protection
MPRegen 0.12/turn                l - ring of resist corrosion

@: very heavily drained
A: high MP 1, forlorn, divine attributes
a: no special abilities


You were on level 5 of the Dungeon.
You visited 1 branch of the dungeon, and saw 5 of its levels.

You collected 196 gold pieces.

Inventory:

Hand Weapons
 c - a +0 dagger
 d - a +0 quarterstaff (weapon)
Missiles
 o - a throwing net
Armour
 a - a +0 leather armour
 r - a +2 robe of cold resistance (worn)
Jewellery
 l - a ring of resist corrosion (right hand)
 n - a ring of flight
 v - a +4 ring of protection (left hand)
Wands
 p - a wand of flame (31)
Scrolls
 b - 3 scrolls of noise {unknown}
 e - a scroll of amnesia {unknown}
 g - 3 scrolls of teleportation {unknown}
 i - a scroll of summoning {unknown}
 j - a scroll of enchant armour {unknown}
 k - 2 scrolls of identify {unknown}
 t - 3 scrolls of blinking {unknown}
 u - a scroll of poison {unknown}
 x - a scroll of immolation {unknown}
Potions
 f - 2 potions of lignification {unknown}
 h - 2 potions of curing {unknown}
 m - 2 potions of might {unknown}
 q - a potion of brilliance {unknown}
 s - 2 potions of berserk rage {unknown}
 w - a potion of haste {unknown}
 z - a potion of heal wounds {unknown}
 A - a potion of cancellation {unknown}
 B - a potion of invisibility {unknown}


   Skills:
 - Level 2.4 Fighting
 - Level 1.7 Dodging
 - Level 2.6 Unarmed Combat
 - Level 1.7 Spellcasting
 + Level 4.5 Conjurations
 + Level 3.1 Translocations


You had 4 spell levels left.
You knew the following spells:

 Your Spells              Type           Power      Damage    Failure   Level
a - Kiss of Death         Conj/Necr      32%        2d7       9%          1
b - Momentum Strike       Conj/Tloc      24%        3d8       7%          2

Your spell library contained the following spells:

 Spells                   Type           Power      Damage    Failure   Level
 Apportation              Tloc           20%        N/A       6%          1
 Necrotise                Necr           4%         1d4       22%         1
 Summon Small Mammal      Summ           4%         N/A       22%         1
 Hailstorm                Conj/Ice       8%         3d4       26%         3
 Flame Wave               Conj/Fire      8%         2d5       65%         4
 Irradiate                Conj/Tmut      4%         3d13      94%         5
 Freezing Cloud           Conj/Ice/Air   2%         6-21      98%         5


Dungeon Overview and Level Annotations

Branches:
Dungeon (5/15)             Temple (0/1) D:5

Shops:
D:3 :


Innate Abilities, Weirdness & Mutations

You have an increased reservoir of magic. (+10% MP)
You shall have no god before yourself.
Your divine heritage dramatically boosts your attributes as you level up.


Message History

Aiming: Kiss of Death (safe; 9% risk of failure)
Press: ? - help, Shift-Dir - straight line, f/p - scorpion
Aim: a scorpion (almost dead, 100% to hit)
The negative energy hits the scorpion.
The scorpion is drained!
You kill the scorpion!
You feel drained.
You feel sick. The gnoll hits you but does no damage.
Unknown command.
Casting: Kiss of Death (safe; 9% risk of failure)
Confirm with . or Enter, or press ? or * to list all spells.
Aiming: Kiss of Death (safe; 9% risk of failure)
Press: ? - help, Shift-Dir - straight line, f - gnoll
Aim: a gnoll, wielding a +0 whip (lightly wounded, 100% to hit)
The negative energy hits the gnoll!
The gnoll is drained!
You kill the gnoll!
You feel drained.
You feel sick.
Unknown command.
You start resting.
You feel sick.
You are no longer robbed of momentum.
You feel sick.
You start resting.
You feel sick. x3
You are no longer poisoned.
You start resting.
An iguana comes into view.
An iguana is nearby!
An iguana is nearby!
Things that are here:
a +0 whip; a gnoll corpse
Things that are here:
a +0 spear; a gnoll corpse You start resting.
A white imp comes into view.
The iguana closely misses you.
The white imp shouts!
The white imp gestures at you. The puff of frost hits you. You resist.
The iguana bites you.
* * * LOW HITPOINT WARNING * * *
There is a stone staircase leading up here.
The iguana hisses menacingly.
The iguana bites you.
You die...

# #. ##... #. #.
........ #..#.
l⌠..>..⌠.
#.#.##........
#....†# #...#
#.).# #.⌠.#
###)####...####
#.)..l......#!
##....@.......
#$.##.........
#.#$..........
#.#.#...5....#
...........<##
....)........#
....####........#
.... #....###.#
... #....#


You could see an iguana and a white imp.

Vanquished Creatures
  An ogre (D:4)
  A necrophage (D:4)
  A scorpion (D:5)
  A hound (D:4)
  Jessica (D:3)
  2 gnolls (D:5)
  2 dart slugs
  2 orcs (D:4)
  7 bats
  3 endoplasms (D:1)
  2 giant cockroaches
  8 goblins
  3 hobgoblins
  2 jackals (D:3)
  2 kobolds
  3 quokkas
  2 ball pythons
  A frilled lizard (D:1)
  5 rats
49 creatures vanquished.

Vanquished Creatures (others)
  A black bear (D:4)
  An orc wizard (D:4)
  A gnoll (D:5)
  A dart slug (D:4)
  An endoplasm (D:4)
  A goblin (D:4)
  3 hobgoblins
  2 ball pythons (D:4)
  A frilled lizard (D:3)
  3 kobolds
  A rat (D:3)
16 creatures vanquished.

Grand Total: 65 creatures vanquished

Notes
Turn   | Place    | Note
-------+----------+-------------------------------------------
     0 | D:1      | Monkooky the Demigod Reaver began the quest for the Orb.
     0 | D:1      | Reached XP level 1. HP: 17/17 MP: 5/5
   143 | D:1      | Reached XP level 2. HP: 20/25 MP: 7/7
   232 | D:1      | Reached skill level 3 in Conjurations
   308 | D:1      | Learned a level 2 spell: Momentum Strike
  1138 | D:2      | Reached XP level 3. HP: 30/30 MP: 8/8
  1462 | D:2      | Reached skill level 1 in Translocations
  1662 | D:3      | Noticed Jessica
  1675 | D:3      | Killed Jessica
  1980 | D:3      | Found Vafrir's Book Boutique.
  2468 | D:4      | Noticed a black bear
  2477 | D:4      | Reached XP level 4. HP: 28/34 MP: 5/9
  2479 | D:4      | Killed a black bear
  2480 | D:4      | Reached skill level 4 in Conjurations
  2570 | D:4      | Noticed an ogre
  2577 | D:4      | Killed an ogre
  2578 | D:4      | Reached XP level 5. HP: 35/41 MP: 7/10
  2864 | D:4      | Got the Compilation of Blows and Bruises
  3288 | D:5      | Entered Level 5 of the Dungeon
  3288 | D:5      | Found a staircase to the Ecumenical Temple.
  3343 | D:5      | Slain by an iguana

Illustrated notes

Levels and vault maps discovered:
D:1:      tarquinn_simple_flora_water_f, layout_rooms,
          hellmonk_ecumenical_altar_run_dry
D:2:      layout_basic, item_on_display_a
D:3:      layout_basic, serial_shops, shop, serial_aquarium,
          aquarium_bridge_island_small [aquarium_subvault_small_water,
          aquarium_subvault_bridge, aquarium_subvault_wall,
          aquarium_subvault_bridge, aquarium_subvault_bridge],
          aquarium_bridge_long_joined [aquarium_subvault_bridge,
          aquarium_subvault_wall, aquarium_subvault_window,
          aquarium_subvault_wall, aquarium_subvault_wall,
          aquarium_subvault_bridge], aquarium_window_2, aquarium_window_double,
          aquarium_view_2d, aquarium_balcony_3b, uniq_jessica
D:4:      layout_cave_pools, nicolae_tso_carved_into_rock,
          kennysheep_generic_room_8
D:5:      layout_rooms, minmay_temple_entry_junction,
          hellmonk_ghost_happy_afterlife, minivault_24, grunt_ministairs_7

Skill      XL: |  1  2  3  4  5 |
---------------+----------------+-----
Fighting       | 2 |  2.4
Conjurations   | 3 4 |  4.5
Translocations | 2 3 |  3.1
Dodging        | |  1.7
Unarmed Combat | |  2.6
Spellcasting   | |  1.7

Action                   |  1- 3 |  4- 6 || total
-------------------------+-------+-------++-------
Melee: Dagger            |    23 |       ||    23
       Unarmed           |    11 |       ||    11
       Quarterstaff      |    84 |    41 ||   125
 Cast: Momentum Strike   |     9 |    18 ||    27
       Kiss of Death     |     1 |     3 ||     4
Evoke: Wand              |       |     2 ||     2
 Stab: Sleeping          |     1 |       ||     1
Armor: Leather armour    |    56 |       ||    56
       Robe              |     3 |    18 ||    21
Dodge: Dodged            |    98 |    47 ||   145

Table legend: (Time is in decaauts)
 A = Elapsed time spent in this place.
 B = Non-inter-level travel time spent in this place.
 C = Inter-level travel time spent in this place.
 D = Time resting spent in this place.
 E = Time spent auto-exploring this place.
 F = Levels seen in this place.
 G = Mean time per level.
                   A        B        C        D        E       F      G
               +--------+--------+--------+--------+--------+-----+--------+
         Total |   3377 |   3252 |    125 |     86 |   2652 |   5 |  675.4 |
       Dungeon |   3377 |   3252 |    125 |     86 |   2652 |   5 |  675.4 |
               +--------+--------+--------+--------+--------+-----+--------+

Top non-repeatable levels by time:
     D:2: 1033 daAuts
     D:3: 888 daAuts
     D:4: 842 daAuts
     D:1: 555 daAuts
     D:5: 57 daAuts
